Map: Lightshade LE

Players

TerranYOUup - Winner!

  • Race: Terran Terran
  • League: Diamond

OneMoreTime

  • Race: Zerg Zerg
  • League: Master

VOD

Have the link to the VOD?

Description

Time

  • Played on: July 17, 2021, 11:28 a.m.
  • Length: 9:24
Show
View Real Time Build Order
Export as new Build Order

TerranYOUup Terran - Winner!

Build Orders: 2 Factory, Command Center First (CC) 

Get SALT Encoding   

  12  0:01  SCV  
  13  0:13  SCV  
  14  0:17  Supply Depot  
  14  0:25  SCV  
  15  0:39  SCV  
  16  0:51  SCV  
  17  1:03  SCV  
  18  1:04  Command Center  
  18  1:15  SCV  
  19  1:19  Barracks  
  19  1:31  Barracks  
  19  1:33  SCV  
  20  1:45  SCV  
  21  1:48  Refinery  
  21  1:57  SCV  
  21  1:59  Refinery  
  22  2:10  Orbital Command  
  22  2:12  Marine  
  23  2:17  Orbital Command  
  23  2:20  Marine  
  24  2:40  SCV  
  25  2:50  SCV  
  26  2:55  Factory  
  26  2:59  Factory  
  26  3:04  SCV  
  26  3:10  SCV  
  27  3:16  SCV  
  27  3:17  Barracks Reactor x2  
  28  3:24  Refinery  
  28  3:28  Supply Depot  
  28  3:29  Supply Depot  
  28  3:31  SCV  
  29  3:35  SCV  
  30  3:43  Factory Tech Lab, SCV  
  30  3:45  Factory Tech Lab  
  31  3:49  SCV  
  32  3:56  Marine x2  
  32  3:57  Marine x2, Supply Depot  
  32  3:58  Supply Depot  
  32  4:00  SCV  
  32  4:01  SCV  
  38  4:05  Cyclone x2  
  44  4:13  SCV  
  44  4:14  SCV, Marine x3  
  44  4:15  Marine  
  50  4:22  Supply Depot  
  50  4:25  Supply Depot  
  50  4:32  Marine x4  
  50  4:37  Cyclone x2  
  60  4:41  SCV x2  
  50  5:12  Marine  
  50  5:13  Marine x2, Cyclone x2  
  46  5:40  Marine x2  
  46  5:41  Marine x2  
  50  5:54  SCV  
  51  5:58  Marine x2  
  51  5:59  Marine  
  54  6:08  Refinery  
  54  6:17  Supply Depot  
  54  6:19  Marine x2  
  54  6:20  SCV x2, Marine x2  
  54  6:22  Siege Tank  
  63  6:32  SCV x2  
  64  6:34  Supply Depot  
  64  6:35  Supply Depot  
  64  6:37  Marine x3  
  64  6:38  Marine  
  69  6:58  Marine x2, Siege Tank x2  
  77  7:12  Marine x2  
  79  7:28  Marine  
  79  7:29  Marine x2  
  81  7:30  Marine, Siege Tank x2  
  85  7:46  Marine x2  
  85  7:47  Marine x2  
  85  7:48  SCV x2  
  91  7:53  Supply Depot  
  91  7:54  Supply Depot  
  91  8:00  SCV  
  91  8:01  SCV  
  91  8:04  Marine  
  94  8:14  Marine  
  94  8:15  Siege Tank  
  94  8:19  SCV x2  
  100  8:20  Refinery  
  100  8:25  Command Center  
  100  8:28  Siege Tank  
  100  8:29  Marine x2  
  100  8:31  SCV x2  
  95  8:55  Marine x3  
  84  8:59  Marine  
Show
View Real Time Build Order
Export as new Build Order

OneMoreTime Zerg 

Build Orders: Hatch First, Muta Ling Bane 

Get SALT Encoding   

  12  0:00  Drone  
  13  0:12  Overlord  
  13  0:18  Drone  
  13  0:20  Extractor  
  13  0:23  Drone  
  15  0:32  Drone  
  15  0:35  Drone  
  17  0:54  Hatchery  
  16  0:59  Drone x2  
  16  1:02  Extractor  
  17  1:07  Drone  
  18  1:17  Spawning Pool  
  17  1:21  Drone  
  18  1:32  Drone  
  19  1:43  Drone  
  20  1:51  Overlord  
  20  2:02  Overlord  
  20  2:07  Queen x2  
  24  2:23  Metabolic Boost  
  24  2:25  Drone  
  24  2:26  Drone x3  
  28  2:37  Drone x2  
  28  2:43  Lair  
  30  2:47  Queen  
  32  3:03  Drone x5  
  37  3:15  Drone, Overlord  
  37  3:16  Drone x2  
  37  3:17  Drone x4  
  44  3:21  Overlord  
  44  3:32  Queen  
  46  3:42  Queen  
  46  3:43  Nydus Network  
  46  3:46  Overlord  
  46  3:47  Zergling x8  
  51  4:03  Overlord x2  
  51  4:04  Zergling x8  
  55  4:20  Nydus Canal  
  55  4:26  Queen x2  
  59  4:34  Zergling x2  
  59  4:35  Zergling x18  
  59  4:37  Overseer  
  68  5:06  Zergling x8  
  68  5:07  Zergling x6  
  56  5:32  Drone x4  
  58  5:37  Extractor  
  58  5:38  Extractor x2  
  58  5:39  Spire  
  49  6:03  Drone x4  
  49  6:04  Overlord  
  53  6:05  Drone  
  53  6:09  Queen x2  
  58  6:12  Hatchery  
  57  6:19  Overlord x2  
  57  6:20  Overseer  
  57  6:21  Drone x4  
  57  6:24  Hatchery  
  60  6:30  Zergling x4  
  62  6:33  Hatchery  
  62  6:34  Baneling Nest  
  62  6:38  Drone  
  62  6:39  Drone  
  62  6:40  Zergling x6  
  62  6:41  Zergling x2  
  66  6:57  Nydus Canal  
  66  7:14  Nydus Canal  
  66  7:20  Zergling x2  
  66  7:21  Zergling x18  
  63  7:39  Mutalisk x8  
  63  7:43  Queen  
  81  7:45  Drone  
  81  7:46  Drone  
  83  7:51  Drone x4  
  83  7:52  Drone, Centrifical Hooks  
  83  7:58  Evolution Chamber x2, Baneling x3  
  87  7:59  Zergling x2  
  87  8:00  Zergling x4  
  87  8:01  Queen  
  87  8:02  Queen  
  93  8:17  Drone x6  
  93  8:19  Zergling x10  
  104  8:23  Queen  
  105  8:35  Baneling  
  105  8:36  Zergling x2, Baneling x4  
  105  8:37  Zergling x6  
  103  8:47  Zergling x2  
  103  8:48  Zergling x18  
  80  9:00  Zergling x2  
  80  9:01  Zergling x10  
Tags
 
Add a new tag
Caveats
  • Supply blocks, unpowered buildings, or Contaminate may cause inaccurate times.
  • Supply counts are checked every 10 seconds.